 Dungeon Crawl Stone Soup version 0.20-a0-191-gf34b5b9 (webtiles) character file.

928 AlphabetPasta the Sneak (level 8, -2/61 HPs)
             Began as a Formicid Assassin on Nov 23, 2016.
             Was a Follower of Cheibriados.
             Slain by an iguana (9 damage)
             ... on level 4 of the Dungeon.
             The game lasted 00:24:29 (5291 turns).

AlphabetPasta the Sneak (Formicid Assassin)         Turns: 5291, Time: 00:24:29

Health: -2/61      AC:  4    Str: 19    XL:     8   Next: 32%
Magic:  9/9        EV: 13    Int: 12    God:    Cheibriados [*.....]
Gold:   193        SH:  0    Dex: 16    Spells: 7/7 levels left

rFire  . . .     SeeInvis +     b - +0 blowgun
rCold  . . .     Gourm    .     c - +0 robe
rNeg   . . .     Faith    .     (no shield)
rPois  .         Spirit   .     (helmet unavailable)
rElec  .         Reflect  .     d - +1 cloak
rCorr  .         Harm     .     (no gloves)
MR     .....                    (no boots)
Stlth  ++++......               (no amulet)
                                (no ring)
                                (no ring)

@: lethally poisoned (-2 -> -3), very slow
A: permanent stasis, dig shafts and tunnels, four strong arms, antennae 3
a: Dig, Shaft Self, Bend Time, Renounce Religion


You were on level 4 of the Dungeon.
You worshipped Cheibriados.
Cheibriados was aware of your devotion.
You were not hungry.

You visited 2 branches of the dungeon, and saw 5 of its levels.

You collected 193 gold pieces.

Inventory:

Hand Weapons
 a - a +2 dagger
 b - a +0 blowgun (weapon)
 n - a +0 hunting sling
Missiles
 f - a curare-tipped needle
 l - 64 stones
 s - 19 poisoned needles (quivered)
Armour
 c - a +0 robe (worn)
 d - a +1 cloak (worn)
Wands
 e - a wand of slowing (4/48)
 p - a wand of digging (9/24)
 v - a wand of digging (15/24)
Scrolls
 i - a scroll of blinking {unknown}
 k - 3 scrolls of remove curse
 w - a scroll of amnesia {unknown}
Potions
 h - a potion of brilliance
 m - a potion of magic
 o - 2 potions of curing
 q - 2 potions of mutation {unknown}
 r - a potion of cure mutation
Comestibles
 g - 4 bread rations
 j - 3 beef jerkies
 t - 2 meat rations
 u - 3 chunks of flesh


   Skills:
 + Level 4.5 Fighting
 * Level 5.2 Short Blades
 + Level 3.5(3.9) Slings
 - Level 2.0(2.9) Throwing
 + Level 3.0 Dodging
 + Level 6.8 Stealth
 + Level 2.5 Invocations


You had 7 spell levels left.
You didn't know any spells.

Dungeon Overview and Level Annotations

Branches:
Dungeon (4/15)             Temple (1/1) D:4

Altars:
Ashenzari
Cheibriados
Dithmenos
Elyvilon
Fedhas
Gozag
Hepliaklqana
Kikubaaqudgha
Nemelex Xobeh
Sif Muna
Trog
Uskayaw
Vehumet
Xom
The Shining One

Annotations:
D:4 Jraekied's ghost, amateur GrGl


Innate Abilities, Weirdness & Mutations

You cannot be hasted, slowed, berserked, paralysed or teleported.
You can dig through walls and to a lower floor.
Your four strong arms can wield two-handed weapons with a shield.
You have a pair of large antennae on your head. (SInv)


Message History

The iguana is moderately wounded.
The iguana barely misses you.
Wield which item (- for none, * to show all)? (? for menu, Esc to quit)
b - a +0 blowgun (weapon)
Firing (i - inventory. (,) - cycle):
s - 21 poisoned needles (quivered)
Press: ? - help, Shift-Dir - straight line, f - iguana
Aim: an iguana (moderately wounded)
You shoot a poisoned needle. The poisoned needle hits the iguana.
The iguana is poisoned.
The iguana is moderately wounded.
The iguana bites you.
* * * LOW HITPOINT WARNING * * *
Firing (i - inventory. (,) - cycle):
s - 20 poisoned needles (quivered)
Press: ? - help, Shift-Dir - straight line, f/p - iguana
Aim: an iguana (moderately wounded, poisoned)
You shoot a poisoned needle. The poisoned needle hits the iguana!
The iguana looks even sicker.
The iguana is moderately wounded.
The iguana bites you!
You die...

##.# #..# #.##
###.#### #.......
#.#.##.# #### #.#.##.#
#..## #.#.....
#@#.#######.####.#
#...l###......#.####.#
#..## #.#####[#.......
.... #.# #.########
.#. ## #....# #.
####.# # #.# .
##.#####
....#####..##...


You could see an iguana.

Vanquished Creatures
  Sigmund (D:2)
  Edmund (D:4)
  Menkaure (D:4)
  A scorpion (D:4)
  A howler monkey (D:4)
  3 hounds
  2 orc wizards
  A jelly (D:4)
  Ijyb (D:3)
  A worker ant (D:4)
  4 gnolls (D:3)
  7 adders
  2 oozes
  2 adder skeletons (D:4)
  A worm (D:2)
  A dart slug (D:2)
  5 leopard geckos
  6 orcs
  A ball python (D:1)
  4 bats
  4 giant cockroaches
  7 goblins
  10 hobgoblins
  8 kobolds
  3 quokkas
  4 frilled lizards
  A quokka skeleton (D:4)
  8 rats
91 creatures vanquished.

Notes
Turn   | Place    | Note
-------+----------+-------------------------------------------
     0 | D:1      | AlphabetPasta the Formicid Assassin began the quest for the Orb.
     0 | D:1      | Reached XP level 1. HP: 16/16 MP: 1/1
     0 | D:1      | Upgraded the game from 0.20-a0-186-g67c1175 to 0.20-a0-191-gf34b5b9
    31 | D:1      | Reached skill level 1 in Dodging
   422 | D:1      | Reached XP level 2. HP: 15/23 MP: 2/2
   961 | D:1      | Reached XP level 3. HP: 28/28 MP: 3/3
  1761 | D:2      | Reached skill level 5 in Stealth
  1828 | D:2      | Reached XP level 4. HP: 11/34 MP: 4/4
  2386 | D:2      | Noticed Sigmund
  2405 | D:2      | Killed Sigmund
  2405 | D:2      | Reached skill level 1 in Slings
  2405 | D:2      | Reached XP level 5. HP: 19/41 MP: 5/5
  2405 | D:2      | Reached XP level 6. HP: 22/47 MP: 6/6
  2909 | D:3      | Noticed Ijyb
  2941 | D:3      | Killed Ijyb
  3449 | D:3      | Reached skill level 6 in Stealth
  3513 | D:3      | Reached XP level 7. HP: 50/53 MP: 7/7
  3887 | D:4      | Found a staircase to the Ecumenical Temple.
  3893 | Temple   | Entered the Ecumenical Temple
  3926 | Temple   | Became a worshipper of Cheibriados the Contemplative
  4071 | D:4      | Noticed Jraekied's ghost (amateur GrGl)
  4213 | D:4      | Reached skill level 1 in Invocations
  4275 | D:4      | Noticed Edmund
  4315 | D:4      | Killed Edmund
  4770 | D:4      | Noticed Menkaure
  4772 | D:4      | Reached * piety under Cheibriados
  4793 | D:4      | HP: 1/55 [Menkaure (13)]
  4798 | D:4      | Killed Menkaure
  4798 | D:4      | Reached skill level 5 in Short Blades
  4798 | D:4      | Reached XP level 8. HP: 7/61 MP: 9/9
  5291 | D:4      | Slain by an iguana

Vault maps used:
D:1:      minmay_arrival_diagonal_passages
D:2:      serial_curves, eino_curves_01, eino_curves_02, uniq_sigmund
D:3:      first_bread, st_stairs_12, uniq_iyjb
D:4:      serial_shops, shop, uniq_menkaure, uniq_edmund
Temple:   regret_index_temple_waves

Skill      XL: |  1  2  3  4  5  6  7  8 |
---------------+-------------------------+-----
Dodging        | 1 2 3 |  3.0
Stealth        | 5 6 |  6.8
Short Blades   | 3 4 5 |  5.2
Fighting       | 3 4 |  4.5
Slings         | 1 2 3 |  3.5
Invocations    | 2 |  2.5
Throwing       | |  2.0

Action                   |  1- 3 |  4- 6 |  7- 9 || total
-------------------------+-------+-------+-------++-------
Melee: Dagger            |   107 |   112 |   193 ||   412
 Fire: Blowgun           |       |    51 |    22 ||    73
Evoke: Wand              |       |     6 |     2 ||     8
  Use: Scroll            |     5 |     3 |     1 ||     9
       Potion            |       |       |     3 ||     3
 Stab: Sleeping          |     9 |     8 |     8 ||    25
       Distracted        |       |     1 |       ||     1
  Eat: Chunk             |     2 |     6 |     5 ||    13
Armor: Robe              |    18 |    20 |    26 ||    64
Dodge: Dodged            |    44 |    54 |   120 ||   218
